Map: Odyssey LE

Players

Winthrowe - Winner!

  • Race: Terran Terran
  • League: Silver
  • Spawn Location: 5:00

Durzan

  • Race: Zerg Zerg
  • League: Silver
  • Spawn Location: 11:00

VOD

Have the link to the VOD?

Description

Time

  • Played on: Aug. 19, 2017, 9:46 a.m.
  • Length: 10:45
Show
View Real Time Build Order
Export as new Build Order

Winthrowe Terran - Winner!

Build Orders:  

Get SALT Encoding   

  12  0:02  SCV  
  13  0:19  Supply Depot  
  13  0:20  SCV  
  14  0:32  SCV  
  15  0:44  Barracks  
  16  0:50  Supply Depot, SCV  
  16  1:18  SCV  
  17  1:29  Engineering Bay  
  17  1:30  SCV  
  18  1:42  SCV  
  18  1:43  Command Center  
  18  1:47  Marine  
  20  1:57  Orbital Command  
  20  2:05  Refinery  
  20  2:07  Marine  
  21  2:24  Marine  
  22  2:36  SCV  
  23  2:41  Refinery  
  23  2:42  Marine  
  24  2:48  SCV  
  25  2:58  Refinery  
  25  3:00  Marine  
  26  3:11  Refinery  
  26  3:41  Barracks Reactor  
  26  3:42  Planetary Fortress  
  26  3:47  Bunker  
  26  3:56  Engineering Bay  
  26  4:03  SCV  
  27  4:15  SCV  
  28  4:17  Factory  
  28  4:26  Marine  
  28  4:27  Marine, SCV  
  31  4:33  SCV  
  32  4:39  SCV  
  32  4:44  Marine x2  
  32  4:45  SCV  
  36  4:51  SCV  
  37  4:54  Barracks  
  37  4:57  SCV  
  38  5:01  Terran Infantry Weapons Level 1  
  38  5:02  Marine x2  
  38  5:03  SCV  
  38  5:04  Terran Infantry Armor Level 1  
  41  5:09  SCV  
  42  5:15  SCV  
  42  5:20  Marine x2  
  45  5:21  SCV  
  46  5:32  Starport  
  46  5:43  Supply Depot  
  46  5:48  Barracks Tech Lab  
  46  6:04  Marine x2  
  46  6:05  Supply Depot, Cyclone  
  49  6:22  Marine x2  
  51  6:25  Marauder  
  51  6:34  Concussive Shells  
  51  6:37  Cyclone  
  54  6:40  Marine x2, Medivac  
  60  6:47  Marauder  
  60  6:58  Marine x2  
  61  7:07  Marine  
  62  7:16  Supply Depot  
  62  7:17  Stimpack  
  62  7:24  Marine  
  62  7:26  Marine  
  62  7:28  Medivac, Marauder  
  62  7:38  Cyclone  
  62  7:39  Supply Depot  
  62  7:42  Marine  
  62  7:43  Marine  
  61  7:49  Marauder  
  60  8:00  Marine  
  60  8:01  Marine  
  60  8:02  Supply Depot  
  62  8:10  Hellion, Marauder  
  62  8:11  Viking  
  68  8:18  Marine  
  68  8:19  Marine  
  70  8:26  Supply Depot  
  70  8:31  Widow Mine  
  70  8:32  Marauder  
  74  8:35  Marine  
  74  8:37  Marine  
  76  8:41  Viking  
  78  8:53  Marine, Marauder  
  78  8:55  Marine  
  82  8:59  Widow Mine  
  84  9:11  Viking, Marine  
  84  9:12  Marine  
  84  9:14  Marauder  
  90  9:18  Combat Shields  
  84  9:28  Widow Mine  
  84  9:29  Marine  
  84  9:30  Marine  
  88  9:36  Marauder  
  90  9:41  Viking  
  91  9:47  Marine  
  91  9:48  Marine  
  92  9:57  Marauder  
  94  10:02  Cyclone  
  94  10:04  Marine  
  94  10:06  Marine  
  90  10:11  Viking  
  92  10:19  Marauder  
Show
View Real Time Build Order
Export as new Build Order

Durzan Zerg 

Build Orders: Pool First 

Get SALT Encoding   

  12  0:11  Drone x2  
  14  0:28  Overlord x2  
  14  0:44  Spawning Pool  
  13  0:50  Extractor  
  13  0:52  Drone x2  
  13  0:57  Drone  
  15  1:06  Drone  
  16  1:17  Overlord  
  16  1:39  Hatchery  
  15  1:41  Queen  
  17  1:47  Drone  
  17  1:49  Drone  
  17  1:53  Drone  
  20  2:01  Drone  
  21  2:17  Zergling x2  
  22  2:23  Zergling x2  
  22  2:29  Queen  
  25  2:45  Zergling x4  
  27  2:58  Zergling x6  
  30  3:34  Drone x3  
  30  3:35  Drone x3  
  30  3:40  Extractor  
  35  3:42  Roach Warren  
  35  3:43  Baneling Nest  
  33  3:51  Evolution Chamber  
  32  4:02  Drone  
  33  4:09  Drone x3  
  36  4:10  Overlord x2  
  36  4:11  Overlord  
  36  4:14  Lair  
  36  4:29  Hatchery  
  35  4:32  Extractor  
  35  4:34  Extractor  
  33  4:50  Zerg Missile Weapons Level 1  
  37  4:52  Roach  
  37  4:53  Roach x3  
  37  4:55  Roach  
  43  5:12  Drone x5  
  48  5:15  Drone  
  49  5:21  Metabolic Boost  
  49  5:44  Drone  
  50  5:50  Queen  
  50  5:52  Pneumatized Carapace  
  52  6:04  Roach x2  
  52  6:05  Roach x4  
  58  6:29  Baneling x2  
  58  6:43  Drone  
  58  6:44  Drone x2  
  58  6:45  Spire  
  60  6:47  Drone x2  
  60  6:48  Drone x4  
  60  6:49  Overlord  
  65  7:08  Ravager  
  66  7:10  Ravager  
  66  7:15  Ravager  
  68  7:17  Zergling x6  
  68  7:18  Zergling x2  
  72  7:28  Hydralisk Den  
  44  8:03  Hydralisk x3  
  48  8:21  Zerg Missile Weapons Level 2  
  48  8:28  Muscular Augments  
  48  8:35  Drone  
  48  8:36  Drone  
  50  8:48  Hydralisk x3  
  50  8:49  Hydralisk  
  50  8:51  Zergling x8  
  62  8:59  Drone x4  
  46  9:31  Hydralisk x4  
  46  9:32  Hydralisk x5  
  46  9:34  Zergling x8  
  46  9:35  Zergling x12  
  72  9:39  Overseer  
Tags
 
Matchup
TvZ
Opening
Pool First
Spawn Locations
Cross Positions
Add a new tag
Caveats
  • Supply blocks, unpowered buildings, or Contaminate may cause inaccurate times.
  • Supply counts are checked every 10 seconds.